AoeStats
← GA | Oink

Black Forest

509709537Analyzed
2v2 RM · 4d ago on Sep 27, 2026· 27m 23s· 4 players
Game mode
Random Map
Map size
Medium (4 player)
Population
200
Speed
Normal
Resources
Standard
Victory
Conquest
Starting age
Dark Age
Ending age
Imperial Age
RankedLock teamsTeams togetherTeam positionsShared explorationLock speedFull tech treeHidden civsTurbo modeCheats
Victory
Defeat
🇩🇪 Cumans · Germany
975
+15
🇩🇪 Ethiopians · Germany
974
+15
🇫🇷 Goths · France
964
-15
🇫🇷 Gurjaras · France
959
-15
DecmaFR
0:36 Loom
12:42 Feudal Age
13:30 Man-at-Arms
24:25 Castle Age
24:38 Bloodlines
25:21 Squires
26:44 Husbandry
hula
0:49 Loom
11:52 Feudal Age
14:54 Double-Bit Axe
19:02 Castle Age
17:33 Double-Bit Axe
25:10 Bow Saw
25:32 Thumb Ring
GA | Meow
0:27 Loom
13:02 Feudal Age
14:21 Wheelbarrow
13:43 Gold Mining
13:39 Double-Bit Axe
22:10 Horse Collar
GA | Oink
10:09 Feudal Age
13:28 Fletching
24:31 Castle Age
23:29 Padded Archer Armor
24:33 Crossbowman
25:10 Bodkin Arrow
25:31 Leather Archer Armor
26:19 Thumb Ring
28:10 Ballistics
Connection lost

Rejoining the realm…

Still unreachable

The connection could not be restored.

Session expired

The server has moved on; the page needs a fresh start.